 Dungeon Crawl Stone Soup version 0.18-a0-1563-g3d1bdcc (webtiles) character file.

869733 trgk the Axe Maniac (level 27, -2/244 (245) HPs)
             Began as a Minotaur Fighter on Mar 14, 2016.
             Was the Champion of Okawaru.
             Killed from afar by a shard shrike (12 damage)
             ... with a shard of ice
             ... on level 7 of Cocytus.
             The game lasted 05:09:47 (104449 turns).

trgk the Axe Maniac (Minotaur Fighter)            Turns: 104449, Time: 05:09:47

HP:   -2/244 (245)  AC: 52    Str: 31    XL:     27
MP:   43/43         EV: 28    Int:  7    God:    Okawaru [******]
Gold: 4332          SH: 40    Dex: 22    Spells: 0 memorised, 26 levels left

rFire  + + .     SeeInvis .     E - +7 broad axe "Yzigedys" {chop, rF- rC++ Dex+4 Stlth+}
rCold  + + .     Gourm    .     X - +8 orange crystal plate armour {Archmagi, Int+3 Clar SustAt}
rNeg   + + +     Faith    .     u - +8 large shield {AC+3}
rPois  .         Spirit   .     M - +0 hat of an ossuary {-Cast rN+++}
rElec  .         Dismiss  .     Z - +4 dragonskin cloak
rCorr  +         Reflect  +     b - +0 pair of gloves of Osut Wyck {MR++ rCorr Dex-3}
SustAt +         Harm     .     B - +0 pair of boots "Murhoics" {+Inv Str+5}
MR     ++++.     Clarity  +     J - +3 amulet of reflection
Stlth  .......... NoCast   +    z - ring "Ferphuuc" {+Blink rF+ MP+9 Int+2}
                                R - ring of the Eagle {rF++ rN+ Str+3 Int-3}

@: heroism, very slightly contaminated, incredibly resistant to hostile
enchantments, extremely unstealthy
A: retaliatory headbutt, horns 2, frail 1, mutation resistance 1
a: Heroism, Finesse, Renounce Religion, Evoke Blink, Evoke Invisibility
}: 4/15 runes: decaying, silver, abyssal, gossamer


You were on level 7 of Cocytus.
You worshipped Okawaru.
Okawaru was exalted by your worship.
You were not hungry.

You visited 14 branches of the dungeon, and saw 65 of its levels.
You visited the Abyss 3 times.
You also visited: Labyrinth, Ossuary and Ice Cave.

You collected 9818 gold pieces.
You spent 5486 gold pieces at shops.

Inventory:

Hand Weapons
 j - the +3 great sword "Enifusk" {slice, +Rage, unknown}
   (Okawaru gifted it to you on level 4 of Cocytus)

   It inflicts extra damage upon your enemies.
   It lets you go berserk.
 E - the +7 broad axe "Yzigedys" (weapon) {chop, rF- rC++ Dex+4 Stlth+}
   (Okawaru gifted it to you on level 2 of the Vaults)

   It inflicts extra damage upon your enemies.
   It affects your dexterity (+4).
   It makes you vulnerable to fire.
   It greatly protects you from cold.
   It makes you more stealthy.
Armour
 b - the +0 pair of gloves of Osut Wyck (worn) {MR++ rCorr Dex-3}
   (Okawaru gifted it to you on level 1 of the Abyss)

   It affects your dexterity (-3).
   It affects your resistance to hostile enchantments.
   It protects you from acid and corrosion.
 u - a +8 large shield of protection (worn)
 v - the +3 large shield of the Shoals {Dex+3}
   (You acquired it on level 1 of the Tomb of the Ancients)

   It affects your dexterity (+3).
 B - the +0 pair of boots "Murhoics" (worn) {+Inv Str+5}
   (Okawaru gifted it to you on level 2 of the Depths)

   It affects your strength (+5).
   It lets you turn invisible.
 G - a +1 plate armour of fire resistance
 M - the +0 hat of an ossuary (worn) {-Cast rN+++}
   (Okawaru gifted it to you in an ice cave)

   It renders you almost immune to negative energy.
   It prevents spellcasting.
 O - the +3 cloak of the Blind Marksman {MR++ Int-3 Slay+3}
   (Okawaru gifted it to you on level 2 of Cocytus)

   It affects your intelligence (-3).
   It affects your accuracy and damage with ranged weapons and melee attacks
   (+3).
   It affects your resistance to hostile enchantments.
 V - a +2 hat of see invisible
 X - the +8 orange crystal plate armour (worn) {Archmagi, Int+3 Clar SustAt}
   (You bought it in a shop on level 2 of the Orcish Mines)

   It affects your intelligence (+3).
   It sustains your strength, intelligence and dexterity.
   It protects you against confusion.
 Z - the +4 dragonskin cloak (worn)
   (You took it off Tiamat on level 3 of the Realm of Zot)
Rods
 a - a +7 rod of clouds (14/14)
   (You found it on level 3 of the Crypt)
 H - a +3 rod of inaccuracy (13/13)
   (You found it on level 3 of the Crypt)
Jewellery
 c - an uncursed ring of resist corrosion
 n - a cursed ring of see invisible
 z - the ring "Ferphuuc" (right hand) {+Blink rF+ MP+9 Int+2}
   (You took it off a deep elf mage on level 3 of the Elven Halls)

   [ring of protection from fire]

   It affects your intelligence (+2).
   It protects you from fire.
   It affects your magic capacity (+9).
   It lets you blink.
 J - a +3 amulet of reflection (around neck)
 R - the ring of the Eagle (left hand) {rF++ rN+ Str+3 Int-3}
   (You took it off a deep elf death mage on level 3 of the Crypt)

   [ring of positive energy]

   It affects your strength (+3).
   It affects your intelligence (-3).
   It greatly protects you from fire.
   It protects you from negative energy.
Wands
 F - a wand of teleportation (1/9)
Scrolls
 e - 9 scrolls of fear
 g - a scroll of brand weapon
 k - 10 scrolls of teleportation
 t - 18 scrolls of enchant weapon
 x - 10 scrolls of fog
 y - a scroll of holy word
 A - 2 scrolls of summoning
 C - 9 scrolls of magic mapping
 S - 2 scrolls of enchant armour
 U - 9 scrolls of recharging
Potions
 d - a potion of flight
 l - 2 potions of might
 m - 7 potions of agility
 p - 5 potions of ambrosia
 r - 2 potions of resistance
 s - 18 potions of curing
 w - 2 potions of berserk rage
 N - 4 potions of brilliance
 P - a potion of magic
 T - a potion of haste
 Y - 3 potions of cancellation
Miscellaneous
 o - a box of beasts {used: 1}
 q - a legendary deck of wonders {Dowsing}
 D - a phantom mirror
 L - a fan of gales
 Q - a lantern of shadows
Comestibles
 f - 29 bread rations
 h - 23 meat rations
 i - 29 fruits
 K - 14 royal jellies
 W - a chunk of flesh


   Skills:
 O Level 27 Fighting
 + Level 11.3(16.3) Long Blades
 O Level 27 Axes
 - Level 10.7(25.6) Maces & Flails
   Level 0.0(23.7) Polearms
 O Level 27 Armour
 O Level 27 Dodging
 O Level 27 Shields
 - Level 6.2 Invocations
 * Level 17.2 Evocations


You had 26 spell levels left.
You didn't know any spells.

Dungeon Overview and Level Annotations

Branches:
Dungeon (15/15)            Temple (1/1) D:4            Lair (8/8) D:8
  Swamp (4/4) Lair:6       Spider (4/4) Lair:6        Slime (0/6) Lair:7
    Orc (2/2) D:11            Elf (3/3) Orc:2        Vaults (5/5) D:13
  Crypt (3/3) Vaults:2       Tomb (2/3) Crypt:3      Depths (5/5) D:15
   Hell (1/1)                 Dis (0/7) Hell            Geh (0/7) Hell
    Coc (7/7) Hell            Tar (0/7) Hell            Zot (5/5) Depths:5

Altars:
Ashenzari
Cheibriados
Dithmenos
Elyvilon
Fedhas
Gozag
Kikubaaqudgha
Makhleb
Nemelex Xobeh
Okawaru
Qazlal
Ru
Sif Muna
Trog
Vehumet
Yredelemnul
Zin
The Shining One
Beogh
Lugonu

Shops:
Orc:2 [}(=   Elf:2 *   Elf:3 ?   Vaults:3 [   Vaults:5 }

Portals:
Hell: Depths:1 Depths:2 Depths:3 Depths:4 Depths:5
Abyss: Depths:1 Depths:3 Depths:5
Pandemonium: Depths:3
Ziggurat: Depths:5
Trove: Elf:2 (give 5 potions of cure mutation)

Annotations:
Coc:7 exclusion: ice statue, Antaeus


Innate Abilities, Weirdness & Mutations

You reflexively headbutt those who attack you in melee.
You have a pair of horns on your head.
You are frail (-10% HP).
You are somewhat resistant to further mutation.


Message History

The ice dragon dies!
The bolt of cold misses you.
The Ice Fiend moves out of view.
The Ice Fiend gestures at you.
The bolt of cold hits the quicksilver dragon skeleton.
The quicksilver dragon skeleton resists.
The bolt of cold misses you.
You block the quicksilver dragon skeleton's attack.
The quicksilver dragon skeleton closely misses you. 2 shard shrikes come into view.
The shard shrike screeches!
The shard shrike moves out of view.
The ice dragon breathes frost at you.
The blast of cold hits the quicksilver dragon skeleton.
The quicksilver dragon skeleton resists.
The blast of cold hits you!
A shard shrike comes into view.
The shard shrike screeches!
The shard shrike spits a shard of ice at you.
The shard of ice hits you! You partially resist.
You die...

#$/:[...#§§.§.##....
#(.$$#####§§§....# ##$/##
##.1....## ########### #§......##
#.....###### ##.......#######
...........### #C...##...##$[##
.............#####D..#####..$"?$#
..≈≈≈..........##Z.#.# ###$)§$#
≈≈≈≈≈..........#@.##..# ##)$##
≈≈≈≈≈≈...†.....#.###..# ####
≈≈≈≈≈≈.........b.# ##.1
≈≈.≈≈≈≈≈.........### #..
≈..4≈≈≈≈.....b.....## ##$
≈...≈≈≈≈≈...........## #=
≈≈≈≈≈≈≈≈≈............#
≈≈≈≈≈≈≈≈≈≈≈.............
≈≈≈≈≈≈≈≈≈≈≈.............


You could see Antaeus, 2 shard shrikes, an ice dragon and a quicksilver dragon
skeleton.

Vanquished Creatures
  Tiamat (Zot:3)
  5 ancient liches
  6 orbs of fire
  A juggernaut (Depths:2)
  5 greater mummies (Tomb:1)
  Sojobo (Vaults:3)
  Norris (Spider:3)
  34 shard shrikes
  Geryon (Hell)
  2 Killer Klowns (Zot:5)
  4 curse toes
  A caustic shrike (Depths:4)
  16 golden dragons
  9 bone dragons
  A profane servitor (Abyss:1)
  the Enchantress (Depths:2)
  5 electric golems
  A Brimstone Fiend (Coc:4)
  Jorgrun (Swamp:2)
  19 Ice Fiends
  15 tentacled monstrosities
  Rupert (Lair:8)
  2 deep elf blademasters (Elf:3)
  25 Orb Guardians (Zot:5)
  A quicksilver dragon (Depths:4)
  2 deep elf master archers (Elf:3)
  The ghost of Somebody the Lord of Darkness, an adept NaWr of Kikubaaqudgha (Spider:4)
  2 titans (Vaults:5)
  An Executioner (Abyss:3)
  6 liches
  4 death cobs
  4 eldritch tentacles
  8 tentacled starspawn
  2 ancient champions
  15 storm dragons
  11 shadow dragons
  6 draconian monks
  3 thorn hunters
  9 sphinxes
  Agnes (Spider:1)
  10 tengu reavers
  13 frost giants
  13 fire giants
  Roxanne (Elf:1)
  3 revenants
  Donald (Vaults:3)
  4 draconian knights
  2 cacodemons (Abyss:1)
  9 deep elf sorcerers
  5 ghost moths
  5 emperor scorpions
  Wiglaf (Vaults:1)
  A balrug (Hell)
  3 curse skulls
  3 draconian scorchers
  17 vault wardens
  2 orc warlords
  3 iron dragons
  4 draconian annihilators
  7 draconian shifters
  6 deep elf elementalists (Elf:3)
  13 reapers
  3 ghouls (Vaults:4)
  14 ironheart preservers
  6 draconian zealots
  3 spriggan defenders (Depths:2)
  29 stone giants
  24 very ugly things
  7 vampire knights
  A juggernaut skeleton (D:15)
  4 deep elf demonologists
  6 war gargoyles
  2 draconian callers (Zot:2)
  6 deep elf annihilators
  A salamander stormcaller (Hell)
  2 bennus (Tomb:1)
  5 elemental wellsprings
  16 white draconians
  9 green draconians
  12 red draconians
  Azrael (Elf:2)
  8 black draconians
  9 purple draconians
  14 spark wasps
  A lorocyproca (Hell)
  9 mottled draconians
  26 blizzard demons
  8 yellow draconians
  31 vault guards
  3 eidola
  11 deep elf death magi
  17 fire dragons
  6 mummy priests
  19 ettins
  A crystal guardian (Abyss:1)
  12 yaktaur captains
  4 deep elf high priests
  3 green deaths
  2 kraken zombies
  A minotaur (Lab)
  A quicksilver dragon zombie (Crypt:1)
  8 great orbs of eyes
  42 ice dragons
  Josephine (Orc:1)
  Erolcha (Orc:1)
  24 jiangshi
  2 quicksilver dragon skeletons
  Fannar (D:11)
  5 rakshasas
  4 centaur warriors
  19 hydras
  13 entropy weavers
  An entropy weaver (shapeshifter) (Vaults:4)
  6 spriggan air magi
  13 ogre magi
  6 ghost crabs
  2 naga warriors
  3 death knights
  5 alligators
  12 vampire magi
  Urug (Vaults:4)
  28 dancing weapons
  17 deep troll shamans
  10 tengu warriors
  5 orc high priests
  15 deep troll earth magi
  9 spriggan berserkers
  5 sun demons
  16 hell hogs
  11 hell knights
  4 titan zombies
  An iron golem (Hell)
  8 thrashing horrors
  22 deep elf knights
  3 storm dragon zombies
  15 wretched stars
  9 soul eaters
  3 titan skeletons
  78 skeletal warriors
  10 death scarabs (Tomb:1)
  13 iron trolls
  5 spatial maelstroms
  2 golden dragon zombies (Hell)
  7 shadow wraiths
  A salamander mystic (Depths:3)
  31 large abominations
  2 ghost moth zombies
  2 quicksilver dragon simulacra
  53 deep trolls
  3 fire crabs
  A kraken simulacrum (Coc:5)
  11 swamp dragons
  4 storm dragon skeletons
  8 giant orange brains
  5 unseen horrors
  14 anaconda zombies
  An orange crystal statue (Depths:2)
  11 deep elf archers
  5 hill giants
  20 ironbrand convokers
  8 flayed ghosts
  7 anubis guards (Tomb:1)
  5 phantasmal warriors
  3 shambling mangroves
  The ghost of Zigma the Ruffian, a novice DrMo (D:7)
  Pikel (D:5)
  5 anaconda skeletons
  10 harpies
  4 spriggan druids
  15 necromancers
  7 frost giant zombies
  4 shadow dragon zombies
  A mana viper (shapeshifter) (Depths:4)
  15 orc knights
  33 wolf spiders
  8 orc sorcerers
  15 orb spiders
  A golden dragon skeleton (Coc:4)
  3 iron dragon zombies (Coc:2)
  3 shadow dragon skeletons
  3 fire giant zombies
  A cyclops (shapeshifter) (Vaults:5)
  75 deep elf magi
  A shining eye (Abyss:2)
  12 wizards
  A hornet (shapeshifter) (Abyss:2)
  A manticore (D:11)
  5 salamanders
  4 iron dragon skeletons
  89 ugly things
  3 cyclopes
  9 griffons
  14 hornets
  A shock serpent zombie (Coc:5)
  A guardian serpent (shapeshifter) (Depths:4)
  15 elephants
  A salamander (shapeshifter) (Depths:2)
  3 stone giant zombies
  19 fire giant skeletons
  6 black mambas
  Maurice (D:10)
  8 worldbinders
  22 moths of wrath
  5 ice statues
  A frost giant skeleton (D:15)
  7 stone giant skeletons
  7 rust devils
  2 apocalypse crabs (Abyss:3)
  Joseph (D:7)
  2 sixfirhies
  A dire elephant zombie (Coc:4)
  2 guardian serpents
  A black mamba (shapeshifter) (Depths:1)
  A molten gargoyle (Depths:1)
  Psyche (Vaults:4)
  17 smoke demons
  A spriggan skeleton (D:15)
  7 gargoyles
  A titan simulacrum (Coc:2)
  19 vault sentinels
  7 orange demons
  32 spiny frogs
  5 torpor snails
  8 dire elephant skeletons
  A shock serpent skeleton (Coc:1)
  A hellion (Hell)
  2 spriggan zombies
  5 spectral swamp worms (Depths:3)
  44 freezing wraiths
  2 emperor scorpion zombies
  A yaktaur (shapeshifter) (Depths:2)
  22 tormentors
  2 golden dragon simulacra
  A red draconian zombie (Coc:6)
  2 efreet (Abyss:3)
  An alligator snapping turtle skeleton (Crypt:2)
  43 yaktaurs
  4 kobold demonologists
  2 anaconda simulacra
  10 komodo dragons
  A catoblepas skeleton (Coc:5)
  4 harpy zombies
  14 guardian mummies
  2 rime drakes
  14 ancient zymes
  4 tengu conjurers
  48 ice devils
  16 demonic crawlers
  9 trolls
  A redback zombie (Crypt:2)
  2 hellwings
  A queen bee (Abyss:3)
  31 jumping spiders
  9 giant leeches
  10 raiju
  A minotaur skeleton (Lab)
  A jumping spider (shapeshifter) (Elf:1)
  A polar bear (Lair:4)
  2 harpy skeletons
  22 hydra zombies
  A moth of wrath zombie (Crypt:2)
  23 two-headed ogres
  Grinder (D:5)
  2 boulder beetles
  22 blink frogs
  54 slime creatures
  8 hydra skeletons
  5 ushabtiu
  6 ettin zombies
  18 bog bodies
  8 fire dragon zombies
  A frost giant simulacrum (Hell)
  7 air elementals
  7 alligator zombies
  6 ice dragon zombies
  A stone giant simulacrum (Coc:3)
  15 spriggans
  89 redbacks
  12 vampires
  10 fire dragon skeletons
  73 flying skulls
  3 ice dragon skeletons
  A centaur simulacrum (D:15)
  5 ettin skeletons
  18 shadows
  19 wraiths
  38 tarantellas
  A tarantella (shapeshifter) (D:14)
  7 alligator skeletons
  A spriggan simulacrum (Depths:1)
  17 water elementals
  41 starcursed masses
  3 wyverns
  12 ynoxinuls
  A black mamba zombie (Crypt:3)
  16 humans (Vaults:4)
  24 yaks
  Eustachio (D:5)
  A black mamba skeleton (Coc:2)
  2 basilisks (shapeshifter)
  A fire bat (Abyss:3)
  2 steam dragons
  2 hippogriffs (shapeshifter)
  12 hungry ghosts
  6 neqoxecs
  11 fire elementals
  34 vampire mosquitoes
  17 hippogriffs
  3 basilisks
  3 mottled dragons
  6 chaos spawn
  32 small abominations
  A merfolk zombie (Coc:2)
  8 spatial vortices
  21 insubstantial wisps
  A soldier ant (shapeshifter) (Vaults:1)
  19 swamp worms
  20 wargs
  A monstrous demonspawn zombie (Crypt:1)
  11 spiny frog zombies
  3 nagas
  A soldier ant (D:14)
  5 hydra simulacra
  21 hell hounds
  13 water moccasins
  A slave (D:5)
  An ogre skeleton (Vaults:1)
  15 swamp drakes
  A black bear (shapeshifter) (Abyss:3)
  8 porcupines
  4 snapping turtle zombies
  A black bear (Lair:2)
  22 ice beasts
  67 orc warriors
  2 eyes of draining
  5 sky beasts
  2 alligator simulacra
  19 wasps
  7 spiny frog skeletons
  2 fire dragon simulacra
  59 ogres
  3 swamp dragon zombies
  7 boggarts
  2 boggarts (shapeshifter)
  3 manticore zombies
  6 necrophages
  4 snapping turtle skeletons
  7 centaurs
  4 wolves (Lair:5)
  2 swamp dragon skeletons
  A manticore skeleton (Coc:1)
  2 human skeletons (Vaults:1)
  17 crocodiles
  A crocodile (shapeshifter) (Depths:3)
  6 big kobolds
  A dryad zombie (Crypt:2)
  36 giant frogs
  A komodo dragon zombie (Crypt:2)
  A yaktaur zombie (D:15)
  A draconian skeleton (Crypt:2)
  A hell hound zombie (Crypt:1)
  A wyvern zombie (D:8)
  5 earth elementals
  A spiny frog simulacrum (Coc:2)
  A scorpion (shapeshifter) (Depths:3)
  A wyvern skeleton (D:10)
  6 scorpions
  A shapeshifter zombie (Crypt:2)
  2 snapping turtle simulacra
  A troll zombie (Swamp:2)
  35 killer bees
  50 wights
  10 electric eels
  A hippogriff skeleton (Crypt:1)
  8 crimson imps
  2 howler monkeys
  4 lava snakes (Lab)
  A black bear zombie (Crypt:1)
  10 centaur zombies
  7 hounds
  7 quasits
  A yaktaur simulacrum (Vaults:1)
  2 human zombies
  6 jellies
  3 centaur skeletons
  42 orc priests
  Crazy Yiuf (D:7)
  A basilisk skeleton (Crypt:2)
  A giant frog skeleton (D:10)
  6 iron imps
  29 orc wizards
  12 iguanas
  12 worker ants
  8 sheep (Lair:8)
  2 big kobold zombies (Ossuary)
  A tengu zombie (Coc:1)
  A hound skeleton (D:7)
  37 mummies
  2 worker ant zombies
  A steam dragon zombie (Crypt:1)
  13 adders
  70 river rats
  6 shadow imps
  28 white imps
  7 ufetubi
  4 oozes
  A worm zombie (Crypt:1)
  2 adder zombies
  An adder skeleton (D:8)
  2 worms
  A dart slug (D:2)
  7 giant geckos
  137 orcs
  2 ball pythons
  5 bats
  5 giant cockroaches
  5 goblins
  6 hobgoblins
  11 jackals
  9 quokkas
  2 giant cockroach zombies (D:1)
  4 giant gecko skeletons
  5 giant newts
  6 hobgoblin zombies
  A jackal skeleton (D:6)
  38 kobolds
  4 kobold zombies (Ossuary)
  2 orc zombies
  3 quokka skeletons
  3 quokka zombies (Ossuary)
  8 rats
  2 rat zombies (Ossuary)
  2 crawling corpses (Elf:3)
  A fire vortex (Hell)
  23 fungi
  2 lost souls (Crypt:3)
  2 lurking horrors (Abyss:2)
  16 plants
  9 starspawn tentacles
  3 tentacles
  3 withered plants
4181 creatures vanquished.

Vanquished Creatures (collateral kills)
  A swamp worm (Swamp:1)
1 creature vanquished.

Vanquished Creatures (others)
  2 tengu reavers
  2 ghost moths (Zot:2)
  2 deep elf elementalists
  A reaper (Coc:1)
  3 stone giants
  2 elemental wellsprings (Coc:7)
  A deep elf annihilator (Elf:3)
  A deep elf death mage (Elf:3)
  3 yaktaur captains
  2 ice dragons (Coc:7)
  4 centaur warriors
  An alligator (Swamp:3)
  A deep troll earth mage (Depths:2)
  A deep elf mage (D:13)
  A phantasmal warrior (Vaults:5)
  11 deep elf archers
  A necromancer (Vaults:4)
  A cyclops (D:12)
  A worldbinder (Abyss:3)
  18 yaktaurs
  A demonic crawler (Hell)
  A slime creature (Vaults:3)
  A raiju (Abyss:1)
  A bog body (Coc:7)
  3 flying skulls (Tomb:2)
  A water elemental (Coc:7)
  Sigmund (Vaults:4)
  2 vampires (Vaults:4)
  A vampire mosquito (Swamp:4)
  A swamp drake (Swamp:3)
  An ice beast (Coc:7)
  A wasp (Swamp:3)
  An ogre (Depths:3)
  2 humans
  2 centaurs
  A quasit (Abyss:3)
  A jelly (D:8)
  A mummy (Tomb:2)
  A shadow imp (Abyss:3)
  4 ufetubi (IceCv)
  An orc (Vaults:3)
  3 briar patches (Swamp:4)
  A bush (Lair:8)
  49 eldritch tentacle segments
  41 fungi
  12 lost souls
  A lurking horror (Abyss:1)
  10 plants (Lair:8)
  14 starspawn tentacles
  135 starspawn tentacle segments
  15 tentacles
  156 tentacle segments
  24 withered plants (Crypt:3)
549 creatures vanquished.

Grand Total: 4731 creatures vanquished

Notes
Turn   | Place    | Note
--------------------------------------------------------------
     0 | D:1      | trgk the Minotaur Fighter began the quest for the Orb.
     0 | D:1      | Reached XP level 1. HP: 19/19 MP: 0/0
   324 | D:1      | Reached XP level 2. HP: 26/26 MP: 1/1
   842 | D:2      | Found a white marble altar of Elyvilon.
   879 | D:2      | Reached XP level 3. HP: 26/31 MP: 2/2
  1469 | D:2      | Reached skill level 5 in Axes
  1517 | D:3      | Reached XP level 4. HP: 31/39 MP: 3/3
  2082 | D:3      | Reached XP level 5. HP: 41/45 MP: 4/4
  2215 | D:4      | Found a sand-covered staircase.
  2233 | Ossuary  | Entered an ossuary
  2408 | Ossuary  | Reached XP level 6. HP: 41/51 MP: 5/5
  2971 | D:4      | Found a staircase to the Ecumenical Temple.
  2980 | D:4      | Reached XP level 7. HP: 45/57 MP: 6/6
  3011 | Temple   | Entered the Ecumenical Temple
  3019 | Temple   | Became a worshipper of Warmaster Okawaru
  3844 | D:5      | Entered Level 5 of the Dungeon
  3849 | D:5      | Noticed Eustachio
  3884 | D:5      | Killed Eustachio
  3884 | D:5      | Reached skill level 10 in Axes
  3999 | D:5      | Noticed Pikel
  4028 | D:5      | Killed Pikel
  4028 | D:5      | Reached * piety under Okawaru
  4028 | D:5      | Reached XP level 8. HP: 54/73 MP: 7/7
  4579 | D:5      | Noticed Grinder
  4590 | D:5      | Killed Grinder
  4971 | D:6      | Reached skill level 10 in Fighting
  4979 | D:6      | Gained mutation: You are somewhat resistant to further mutation. [mutagenic meat]
  5147 | D:6      | Reached ** piety under Okawaru
  5147 | D:6      | Reached XP level 9. HP: 76/85 MP: 8/8
  5275 | D:6      | Found a bloodstained altar of Trog.
  5282 | D:6      | Reached skill level 5 in Armour
  5307 | D:6      | Found a shattered altar of Ashenzari.
  5919 | D:7      | Noticed Zigma's ghost (novice DrMo)
  5940 | D:7      | Killed Zigma's ghost
  6109 | D:7      | Noticed Joseph
  6154 | D:7      | Killed Joseph
  6154 | D:7      | Reached *** piety under Okawaru
  6154 | D:7      | Reached skill level 10 in Armour
  6321 | D:7      | Reached skill level 1 in Dodging
  6637 | D:7      | Reached XP level 10. HP: 62/93 MP: 9/9
  7064 | D:7      | Found an ancient bone altar of Kikubaaqudgha.
  7198 | D:7      | Noticed Crazy Yiuf
  7209 | D:7      | Killed Crazy Yiuf
  7437 | D:8      | Reached skill level 5 in Dodging
  7706 | D:8      | Reached **** piety under Okawaru
  7725 | D:8      | Found a staircase to the Lair.
  7964 | Lair:1   | Entered Level 1 of the Lair of Beasts
  9321 | Lair:2   | Got a pair of bloodstained gloves
  9332 | Lair:2   | Identified the +1 pair of gloves of Lethargy {MR+ MP-9 Int+7} (You found it on level 2 of the Lair of Beasts)
  9717 | Lair:2   | Reached skill level 10 in Dodging
  9756 | Lair:2   | Received a gift from Okawaru
  9790 | Lair:2   | Reached ***** piety under Okawaru
  9825 | Lair:2   | Noticed a spiny frog
  9838 | Lair:2   | Killed a spiny frog
  9838 | Lair:2   | Reached XP level 11. HP: 77/99 MP: 10/10
 10596 | Lair:3   | Reached skill level 5 in Shields
 11965 | Lair:3   | Received a gift from Okawaru
 12717 | Lair:3   | Reached skill level 10 in Shields
 13054 | Lair:4   | Noticed a spriggan rider
 13563 | D:7      | Got a crystal war axe
 13564 | D:7      | Identified the +8 war axe "Udalufimn" {chop, Str-3 Int+8} (You found it on level 7 of the Dungeon)
 14360 | Lair:4   | Reached XP level 12. HP: 87/106 MP: 11/11
 14684 | Lair:5   | Found a sacrificial altar of Ru.
 14797 | Lair:5   | Found a labyrinth entrance.
 14801 | Lab      | Entered a labyrinth
 18955 | Lab      | Noticed a minotaur
 18971 | Lab      | Killed a minotaur
 18971 | Lab      | Received a gift from Okawaru
 19326 | Lair:5   | Reached skill level 15 in Axes
 19425 | Lair:5   | Noticed a six-headed hydra
 19442 | Lair:5   | Killed a 12-headed hydra
 19890 | Lair:6   | Found a bloodstained altar of Trog.
 19936 | Lair:6   | Found a hole to the Spider Nest.
 20285 | Lair:6   | Found a staircase to the Swamp.
 20839 | Lair:7   | Reached XP level 13. HP: 113/113 MP: 12/12
 20872 | Lair:7   | Got a scorched war axe
 20873 | Lair:7   | Identified the +7 war axe of Internal Strife {venom, MP-9 Str+8 Stlth+} (You found it on level 7 of the Lair of Beasts)
 21144 | Lair:7   | Found a staircase to the Slime Pits.
 21717 | Lair:8   | Entered Level 8 of the Lair of Beasts
 22171 | Lair:8   | Reached ****** piety under Okawaru
 22225 | Lair:8   | Received a gift from Okawaru
 22792 | Lair:8   | Reached skill level 15 in Shields
 23061 | Lair:8   | Noticed Rupert
 23081 | Lair:8   | Killed Rupert
 23250 | Lair:8   | Received a gift from Okawaru
 23404 | Lair:8   | Gained mutation: You are weak. (Str -2) [potion of mutation]
 23404 | Lair:8   | Gained mutation: You have a pair of large horns on your head. [potion of mutation]
 23440 | Lair:8   | Gained mutation: You are resistant to hostile enchantments. [potion of beneficial mutation]
 23469 | Lair:8   | Reached XP level 14. HP: 109/121 MP: 4/13
 24304 | D:8      | Found a stormy altar of Qazlal.
 24605 | D:8      | Found a glowing silver altar of Zin.
 24605 | D:8      | Found an opulent altar of Gozag.
 24915 | D:9      | Found a shadowy altar of Dithmenos.
 25254 | D:9      | Found a deep blue altar of Sif Muna.
 25349 | D:10     | Entered Level 10 of the Dungeon
 25835 | D:10     | Noticed Maurice
 25849 | D:10     | Killed Maurice
 25855 | D:10     | Gained mutation: Your spells are a little harder to cast, but a little more powerful. [potion of mutation]
 25855 | D:10     | Gained mutation: You are robust (+10% HP). [potion of mutation]
 26299 | D:11     | Found a staircase to the Orcish Mines.
 26442 | Orc:1    | Entered Level 1 of the Orcish Mines
 26478 | Orc:1    | Noticed Erolcha
 26491 | Orc:1    | Killed Erolcha
 26534 | Orc:1    | Noticed Josephine
 26544 | Orc:1    | Killed Josephine
 26726 | Orc:1    | Noticed an orc warlord
 26739 | Orc:1    | Killed an orc warlord
 26924 | Orc:1    | Found a roughly hewn altar of Beogh.
 27560 | Orc:2    | Entered Level 2 of the Orcish Mines
 27801 | Orc:2    | Noticed a stone giant
 27812 | Orc:2    | Killed a stone giant
 27812 | Orc:2    | Received a gift from Okawaru
 28561 | Orc:2    | Found Tiytal's Antique Weapon Shop.
 28572 | Orc:2    | Reached skill level 15 in Fighting
 28600 | Orc:2    | Noticed an orc warlord
 28622 | Orc:2    | Found Qagg's Jewellery Emporium.
 28663 | Orc:2    | Killed an orc warlord
 28664 | Orc:2    | Found a roughly hewn altar of Beogh.
 28997 | Orc:2    | Found a staircase to the Elven Halls.
 29456 | Orc:2    | Reached XP level 15. HP: 144/157 MP: 5/14
 29604 | Orc:2    | Found a roughly hewn altar of Beogh.
 29684 | Orc:2    | Found Xakyg's Antique Armour Emporium.
 29700 | Orc:2    | Bought a glowing large shield for 135 gold pieces
 29721 | Orc:2    | Found Giunow's Gadget Shoppe.
 30011 | D:11     | Noticed Fannar
 30027 | D:11     | Killed Fannar
 30352 | D:12     | Found a bloodstained altar of Trog.
 30407 | D:12     | Received a gift from Okawaru
 30872 | D:13     | Found a gate to the Vaults.
 31350 | D:13     | Received a gift from Okawaru
 31646 | D:14     | Gained mutation: You are highly resistant to hostile enchantments. [a neqoxec]
 31944 | D:15     | Entered Level 15 of the Dungeon
 32024 | D:15     | Found a staircase to the Depths.
 32140 | D:15     | Received a gift from Okawaru
 32816 | Swamp:1  | Entered Level 1 of the Swamp
 33662 | Swamp:2  | Received a gift from Okawaru
 33802 | Swamp:2  | Reached XP level 16. HP: 166/166 MP: 6/15
 34071 | Swamp:2  | Noticed Jorgrun
 34093 | Swamp:2  | Killed Jorgrun
 34696 | Swamp:3  | Received a gift from Okawaru
 34782 | Swamp:3  | Got a polished war axe {god gift}
 34793 | Swamp:3  | Identified the +7 war axe of Ronof {speed, Str+3} (Okawaru gifted it to you on level 3 of the Swamp)
 35401 | Swamp:3  | Lost mutation: You are robust (+10% HP). [potion of cure mutation]
 35401 | Swamp:3  | Lost mutation: You are weak. (Str -2) [potion of cure mutation]
 35401 | Swamp:3  | Lost mutation: You have a pair of large horns on your head. [potion of cure mutation]
 35401 | Swamp:3  | Lost mutation: Your spells are a little harder to cast, but a little more powerful. [potion of cure mutation]
 35401 | Swamp:3  | Lost mutation: You are highly resistant to hostile enchantments. [potion of cure mutation]
 35401 | Swamp:3  | Lost mutation: You are resistant to hostile enchantments. [potion of cure mutation]
 35462 | Swamp:3  | Noticed a thorn hunter
 35475 | Swamp:3  | Killed a thorn hunter
 35737 | Swamp:3  | Got a heavily runed turquoise ring
 35894 | Swamp:4  | Entered Level 4 of the Swamp
 36552 | Swamp:4  | Received a gift from Okawaru
 36810 | Swamp:4  | Noticed a thorn hunter
 36827 | Swamp:4  | Received a gift from Okawaru
 36830 | Swamp:4  | Killed a thorn hunter
 36844 | Swamp:4  | Identified a +0 pair of boots of running (Okawaru gifted it to you on level 4 of the Swamp)
 37580 | Swamp:4  | Noticed a tentacled monstrosity
 37593 | Swamp:4  | Killed a tentacled monstrosity
 37609 | Swamp:4  | Reached XP level 17. HP: 103/158 MP: 5/16
 38034 | Swamp:4  | Got a decaying rune of Zot
 38400 | Spider:1 | Entered Level 1 of the Spider Nest
 38403 | Spider:1 | Noticed Agnes
 38421 | Spider:1 | Killed Agnes
 38489 | Spider:1 | Found a frozen archway.
 38506 | Spider:1 | Got a translucent bronze ring
 38522 | IceCv    | Entered an ice cave
 38762 | IceCv    | Received a gift from Okawaru
 38775 | IceCv    | Got a dazzling hat {god gift}
 38782 | IceCv    | Identified the +0 hat of an ossuary {-Cast rN+++} (Okawaru gifted it to you in an ice cave)
 38852 | IceCv    | Identified the ring "Wiakk" {rCorr rElec rC+ Dex-4 Slay+2} (You found it on level 1 of the Spider Nest)
 38853 | IceCv    | Identified the ring "Wualuat" {*Contam EV+2 Str+2 Dex+9} (You found it on level 3 of the Swamp)
 40858 | Spider:3 | Received a gift from Okawaru
 41191 | Spider:3 | Noticed Norris
 41211 | Spider:3 | Paralysed by Norris for 7 turns
 41225 | Spider:3 | Killed Norris
 41225 | Spider:3 | Reached XP level 18. HP: 129/168 MP: 8/17
 41438 | Spider:3 | Got an ancient plate armour
 41439 | Spider:3 | Identified the +3 plate armour of Eney {MR+ MP+9} (You found it on level 3 of the Spider Nest)
 41704 | Spider:4 | Entered Level 4 of the Spider Nest
 41845 | Spider:4 | Noticed Somebody's ghost (adept NaWr)
 41870 | Spider:4 | Killed Somebody's ghost
 42063 | Spider:4 | Reached skill level 15 in Armour
 42070 | Spider:4 | Received a gift from Okawaru
 42763 | Spider:4 | HP: 5/168 [emperor scorpion (6)]
 43386 | Spider:4 | Received a gift from Okawaru
 43397 | Spider:4 | Got a gossamer rune of Zot
 43852 | Depths:1 | Entered Level 1 of the Depths
 45193 | Depths:1 | Found a gateway to Hell.
 45286 | Depths:1 | Received a gift from Okawaru
 45416 | Depths:1 | Reached XP level 19. HP: 163/174 MP: 9/18
 45693 | Depths:1 | Found a bloodstained altar of Trog.
 46036 | Depths:1 | Found Jafecu's Food Shop.
 46047 | Depths:1 | Bought a royal jelly for 26 gold pieces
 46047 | Depths:1 | Bought a slice of pizza for 19 gold pieces
 46047 | Depths:1 | Bought a beef jerky for 19 gold pieces
 46047 | Depths:1 | Bought a meat ration for 65 gold pieces
 46047 | Depths:1 | Bought a meat ration for 65 gold pieces
 46047 | Depths:1 | Bought a bread ration for 65 gold pieces
 46047 | Depths:1 | Bought a meat ration for 65 gold pieces
 46047 | Depths:1 | Bought a meat ration for 65 gold pieces
 46047 | Depths:1 | Bought a beef jerky for 19 gold pieces
 46047 | Depths:1 | Bought 3 fruits for 58 gold pieces
 46103 | Depths:1 | Found a corrupted altar of Lugonu.
 46103 | Depths:1 | Found a one-way gate to the infinite horrors of the Abyss.
 46979 | Depths:2 | Received a gift from Okawaru
 47002 | Depths:2 | Got a pair of translucent boots {god gift}
 47013 | Depths:2 | Identified the +0 pair of boots "Murhoics" {+Inv Str+5} (Okawaru gifted it to you on level 2 of the Depths)
 47342 | Depths:2 | Noticed the Enchantress
 48076 | Depths:2 | Found a runed door.
 48503 | Depths:2 | Received a gift from Okawaru
 48622 | Depths:2 | Got a warped chain mail {god gift}
 48623 | Depths:2 | Identified the +7 chain mail "Qaexusy" {rN++ MR+ rCorr MP-9} (Okawaru gifted it to you on level 2 of the Depths)
 48970 | Depths:2 | Killed the Enchantress
 48985 | Depths:2 | Got a faerie dragon armour
 48986 | Depths:2 | Identified the +6 faerie dragon armour {rC+ Str-5 Int+2} (You took it off the Enchantress on level 2 of the Depths)
 49154 | Depths:2 | Found a runed door.
 49160 | Depths:2 | Noticed a golden dragon
 49165 | Depths:2 | Noticed a juggernaut
 49177 | Depths:2 | Killed a golden dragon
 49194 | Depths:2 | Killed a juggernaut
 49197 | Depths:2 | Reached XP level 20. HP: 114/182 MP: 3/19
 49944 | Depths:2 | Received a gift from Okawaru
 51942 | Depths:3 | Received a gift from Okawaru
 52324 | Depths:3 | Found a one-way gate leading to the halls of Pandemonium.
 52932 | Depths:4 | Reached XP level 21. HP: 186/189 MP: 11/20
 53091 | Depths:4 | Noticed a caustic shrike
 53100 | Depths:4 | Killed a caustic shrike
 53507 | Depths:4 | Received a gift from Okawaru
 53915 | Depths:4 | Received a gift from Okawaru
 55311 | Depths:4 | Received a gift from Okawaru
 55312 | Depths:4 | Got an ancient ring mail {god gift}
 55313 | Depths:4 | Identified the +1 ring mail of the Nexus {+Blink rElec Stlth+} (Okawaru gifted it to you on level 4 of the Depths)
 55603 | Depths:5 | Entered Level 5 of the Depths
 55686 | Depths:5 | Found a gateway to a ziggurat.
 56470 | Depths:5 | Reached XP level 22. HP: 144/202 MP: 12/21
 56488 | Depths:5 | Noticed a golden dragon
 56498 | Depths:5 | Killed a golden dragon
 56498 | Depths:5 | Reached skill level 15 in Dodging
 56653 | Depths:5 | Found a gate to the Realm of Zot.
 56851 | Depths:5 | Got a distressingly furry chain mail
 56852 | Depths:5 | Identified the +1 chain mail of Ashenzari's Generosity {Int+5} (You found it on level 5 of the Depths)
 56895 | Depths:5 | Noticed a golden dragon
 56900 | Depths:5 | Killed a golden dragon
 56901 | Depths:5 | Noticed a golden dragon
 56911 | Depths:5 | Killed a golden dragon
 56911 | Depths:5 | Received a gift from Okawaru
 57363 | Depths:5 | Reached skill level 1 in Evocations
 57592 | Depths:5 | Voluntarily entered the Abyss.
 57968 | Abyss:1  | Paralysed by accursed screaming for 1 turns
 58085 | Abyss:1  | Found a corrupted altar of Lugonu.
 58086 | Abyss:1  | Found a corrupted altar of Lugonu.
 58098 | Abyss:1  | Reached skill level 5 in Evocations
 58275 | Abyss:1  | Noticed an ancient lich
 58326 | Depths:5 | Escaped the Abyss
 58660 | Orc:2    | Bought the +8 orange crystal plate armour {Archmagi, Int+3 Clar SustAt} for 4107 gold pieces
 58854 | Depths:1 | Voluntarily entered the Abyss.
 58932 | Abyss:1  | Found a corrupted altar of Lugonu.
 59123 | Abyss:1  | Paralysed by accursed screaming for 2 turns
 59131 | Abyss:1  | Paralysed by accursed screaming for 2 turns
 59157 | Abyss:1  | Killed an ancient lich
 59157 | Abyss:1  | Received a gift from Okawaru
 59172 | Abyss:1  | Got a pair of slimy gloves {god gift}
 59420 | Abyss:1  | Identified the +0 pair of gloves of Osut Wyck {MR++ rCorr Dex-3} (Okawaru gifted it to you on level 1 of the Abyss)
 59552 | Depths:1 | Escaped the Abyss
 59832 | Vaults:1 | Entered Level 1 of the Vaults
 60187 | Vaults:1 | Noticed Wiglaf
 60208 | Vaults:1 | Killed Wiglaf
 60216 | Vaults:1 | Identified a scroll of acquirement
 60569 | Vaults:1 | Reached XP level 23. HP: 211/211 MP: 19/28
 61575 | Vaults:2 | Found a staircase to the Crypt.
 61575 | Vaults:2 | Found an ancient bone altar of Kikubaaqudgha.
 61576 | Vaults:2 | Found a basalt altar of Yredelemnul.
 61644 | Vaults:2 | Reached skill level 10 in Evocations
 61657 | Vaults:2 | Received a gift from Okawaru
 61664 | Vaults:2 | Got an ancient broad axe {god gift}
 61665 | Vaults:2 | Identified the +7 broad axe "Yzigedys" {chop, rF- rC++ Dex+4 Stlth+} (Okawaru gifted it to you on level 2 of the Vaults)
 62475 | Vaults:3 | Noticed Donald
 62491 | Vaults:3 | Killed Donald
 62909 | Vaults:3 | Received a gift from Okawaru
 62929 | Vaults:3 | Got a jewelled hand axe {god gift}
 63074 | Vaults:3 | Identified the +9 hand axe of Imminent Death {chop, rN+ Dex+6} (Okawaru gifted it to you on level 3 of the Vaults)
 63241 | Vaults:3 | Noticed Sojobo
 63268 | Vaults:3 | Killed Sojobo
 63381 | Vaults:3 | Reached skill level 1 in Invocations
 63935 | Vaults:3 | Found Xool's Armour Boutique.
 64056 | Vaults:4 | Received a gift from Okawaru
 64135 | Vaults:4 | Got a pitted great sword {god gift}
 64136 | Vaults:4 | Identified the +7 great sword of the Unseen Realm {venom, rPois Str+2 Int-4 Dex+2} (Okawaru gifted it to you on level 4 of the Vaults)
 64423 | Vaults:4 | Reached XP level 24. HP: 221/221 MP: 29/29
 64505 | Vaults:4 | Noticed Sigmund
 64513 | Vaults:4 | Killed Sigmund
 64545 | Vaults:4 | Reached skill level 5 in Invocations
 64570 | Vaults:4 | Noticed Urug
 64588 | Vaults:4 | Killed Urug
 64695 | Vaults:4 | Noticed Psyche
 64710 | Vaults:4 | Killed Psyche
 64973 | Vaults:4 | Received a gift from Okawaru
 65971 | Depths:1 | Voluntarily entered the Abyss.
 66809 | Abyss:2  | Received a gift from Okawaru
 66846 | Abyss:2  | Got a twisted animal skin {god gift}
 66895 | Abyss:2  | Paralysed by accursed screaming for 1 turns
 66898 | Abyss:2  | Paralysed by accursed screaming for 1 turns
 67439 | Abyss:3  | Paralysed by you for 6 turns
 67694 | Abyss:3  | Found a corrupted altar of Lugonu.
 67870 | Abyss:3  | Reached XP level 25. HP: 213/234 MP: 29/29
 68035 | Abyss:3  | Got an abyssal rune of Zot
 68212 | Abyss:3  | Paralysed by accursed screaming for 1 turns
 68216 | Abyss:3  | Paralysed by accursed screaming for 1 turns
 68339 | Depths:1 | Escaped the Abyss
 68904 | Orc:2    | Bought an uncursed ring of protection from fire for 400 gold pieces
 68963 | Elf:1    | Entered Level 1 of the Elven Halls
 69351 | Elf:1    | Noticed Roxanne
 69363 | Elf:1    | Killed Roxanne
 69365 | Elf:1    | Identified Roxanne's Volume of Transmigration (You took it off Roxanne on level 1 of the Elven Halls)
 70006 | Elf:2    | Noticed Azrael
 70020 | Elf:2    | Killed Azrael
 70223 | Elf:2    | Found Asausami's General Store.
 70232 | Elf:2    | Bought a scroll of enchant weapon for 112 gold pieces
 70232 | Elf:2    | Bought a scroll of enchant armour for 112 gold pieces
 70322 | Elf:2    | Found a runed gate.
 70322 | Elf:2    | Found a runed gate.
 70323 | Elf:2    | Found a runed gate.
 70752 | Elf:2    | Found a portal to a secret trove of treasure.
 71148 | Elf:2    | Received a gift from Okawaru
 71333 | Elf:3    | Entered Level 3 of the Elven Halls
 71647 | Elf:3    | Got a scorched pewter amulet
 71803 | Elf:3    | Identified the amulet "Guedd" {RegenMP rC+ rN+} (You took it off a deep elf blademaster on level 3 of the Elven Halls)
 71849 | Elf:3    | Got a coiled granite ring
 71862 | Elf:3    | Identified the ring "Ferphuuc" {+Blink rF+ MP+9 Int+2} (You took it off a deep elf mage on level 3 of the Elven Halls)
 72019 | Elf:3    | Got a twitching lead ring
 72116 | Elf:3    | Found Unekoul's Magic Scroll Shoppe.
 72123 | Elf:3    | Bought a scroll of identify for 28 gold pieces
 72123 | Elf:3    | Bought a scroll of teleportation for 42 gold pieces
 72123 | Elf:3    | Bought a scroll of identify for 28 gold pieces
 72123 | Elf:3    | Bought a scroll of identify for 28 gold pieces
 72123 | Elf:3    | Bought a scroll of identify for 28 gold pieces
 72131 | Elf:3    | Identified the ring "Mikit" {*Tele rC+ Str+4 Int+4} (You took it off a deep elf master archer on level 3 of the Elven Halls)
 72980 | Crypt:1  | Entered Level 1 of the Crypt
 73118 | Crypt:1  | Found a basalt altar of Yredelemnul.
 73135 | Crypt:1  | Reached XP level 26. HP: 248/248 MP: 29/29
 73183 | Crypt:1  | Identified the Collected Works on Sinister Arts (You found it on level 1 of the Crypt)
 73418 | Crypt:1  | Received a gift from Okawaru
 74455 | Crypt:3  | Entered Level 3 of the Crypt
 74651 | Crypt:3  | Received a gift from Okawaru
 76447 | Crypt:3  | Got an ancient tin ring
 76448 | Crypt:3  | Identified the ring of the Eagle {rF++ rN+ Str+3 Int-3} (You took it off a deep elf death mage on level 3 of the Crypt)
 76520 | Crypt:3  | Found an ancient bone altar of Kikubaaqudgha.
 76919 | Crypt:3  | Got a steaming wooden ring
 76922 | Crypt:3  | Got a steaming gossamer ring
 77038 | Crypt:3  | Found a staircase to the Tomb.
 77361 | Crypt:3  | Identified the ring "Waschiq" {*Corrode rElec rC+ rN+} (You took it off a skeletal warrior on level 3 of the Crypt)
 77362 | Crypt:3  | Identified the ring of Jitsiggeit {+Fly rN+ Int+6} (You took it off a skeletal warrior on level 3 of the Crypt)
 77375 | Crypt:3  | Identified a +7 rod of clouds (14/14) (You found it on level 3 of the Crypt)
 78400 | Zot:1    | Entered Level 1 of the Realm of Zot
 78509 | Zot:1    | Received a gift from Okawaru
 78703 | Zot:1    | Identified a +3 rod of inaccuracy (13/13) (You found it on level 3 of the Crypt)
 79589 | Zot:2    | Reached XP level 27. HP: 252/260 MP: 29/29
 79647 | Zot:2    | Received a gift from Okawaru
 79656 | Zot:2    | Noticed an orb of fire
 79680 | Zot:2    | Gained mutation: You expend magic power (3 MP) to strengthen your wands. [an orb of fire]
 79686 | Zot:2    | Killed an orb of fire
 81182 | Zot:3    | Noticed an orb of fire
 81203 | Zot:3    | Gained mutation: You are dopey. (Int -2) [an orb of fire]
 81205 | Zot:3    | Killed an orb of fire
 81684 | Zot:3    | Noticed Tiamat
 81718 | Zot:3    | Received a gift from Okawaru
 81719 | Zot:3    | Got a smoking large shield {god gift}
 81779 | Zot:3    | Killed Tiamat
 81793 | Zot:3    | Identified the -1 large shield "Juanohyg" {Dex+2} (Okawaru gifted it to you on level 3 of the Realm of Zot)
 82205 | Zot:3    | Got a transparent garnet amulet
 82206 | Zot:3    | Identified the amulet "Adouloh" {Regen+ Int+3} (You found it on level 3 of the Realm of Zot)
 83533 | Zot:4    | Noticed an orb of fire
 83542 | Zot:4    | Killed an orb of fire
 83738 | Zot:5    | Entered Level 5 of the Realm of Zot
 84068 | Zot:5    | Reached skill level 27 in Axes
 84093 | Zot:5    | Received a gift from Okawaru
 84150 | Zot:5    | Noticed an ancient lich
 84157 | Zot:5    | Killed an ancient lich
 84182 | Zot:5    | Noticed an ancient lich
 84183 | Zot:5    | Noticed an ancient lich
 84219 | Zot:5    | Killed an ancient lich
 84229 | Zot:5    | Received a gift from Okawaru
 84230 | Zot:5    | Got a pitted plate armour {god gift}
 84358 | Zot:5    | Identified the +3 plate armour of Tapyvy {+Inv} (Okawaru gifted it to you on level 5 of the Realm of Zot)
 84469 | Zot:5    | Noticed an orb of fire
 84484 | Zot:5    | Killed an orb of fire
 84660 | Zot:5    | Killed an ancient lich
 84823 | Zot:5    | Noticed an orb of fire
 84850 | Zot:5    | Gained mutation: You are weak. (Str -2) [an orb of fire]
 84866 | Zot:5    | Killed an orb of fire
 85080 | Zot:5    | Noticed an ancient lich
 85084 | Zot:5    | Killed an ancient lich
 85373 | Zot:5    | Identified Uxtizac's Guide on Talismans and Heat
 85380 | Zot:5    | Noticed an orb of fire
 85397 | Zot:5    | Killed an orb of fire
 86270 | Vaults:5 | Entered Level 5 of the Vaults
 86277 | Vaults:4 | Received a gift from Okawaru
 86472 | Vaults:5 | Found Goceett's Gadget Shoppe.
 86787 | Vaults:5 | Got a silver rune of Zot
 86919 | Vaults:5 | Reached skill level 27 in Dodging
 87133 | Vaults:5 | Got a translucent platinum ring
 87171 | Vaults:5 | Identified the ring "Suritso" {rPois Slay+3} (You took it off a vault warden on level 5 of the Vaults)
 87392 | Vaults:5 | Received a gift from Okawaru
 87395 | Vaults:5 | Got a polished cloak {god gift}
 87396 | Vaults:5 | Identified the +0 cloak "Vitsogugabb" {Dex+5 Slay-4} (Okawaru gifted it to you on level 5 of the Vaults)
 87449 | Vaults:5 | Got a fine lead ring
 87459 | Vaults:5 | Identified the ring "Lar Wuy" {SustAt Str+4} (You found it on level 5 of the Vaults)
 87493 | Vaults:5 | Got a translucent hand axe {flame}
 87494 | Vaults:5 | Identified the +7 hand axe "Huamibledd" {flame, rElec rC+} (You found it on level 5 of the Vaults)
 87502 | Vaults:5 | Got a tattered robe
 88038 | Tomb:1   | Entered Level 1 of the Tomb of the Ancients
 88494 | Tomb:1   | Noticed a greater mummy
 88517 | Tomb:1   | Killed a greater mummy
 88690 | Tomb:1   | Noticed a greater mummy
 88704 | Tomb:1   | Killed a greater mummy
 89026 | Tomb:1   | Got a warped large shield
 89027 | Tomb:1   | Identified the +3 large shield of the Shoals {Dex+3} (You acquired it on level 1 of the Tomb of the Ancients)
 89426 | Tomb:2   | Noticed a greater mummy
 89426 | Tomb:2   | Noticed a greater mummy
 89426 | Tomb:2   | Noticed a greater mummy
 89426 | Tomb:2   | Noticed a greater mummy
 89985 | Crypt:3  | Lost mutation: You are weak. (Str -2) [potion of cure mutation]
 89985 | Crypt:3  | Lost mutation: You expend magic power (3 MP) to strengthen your wands. [potion of cure mutation]
 89985 | Crypt:3  | Lost mutation: You are dopey. (Int -2) [potion of cure mutation]
 90815 | Tomb:1   | Killed a greater mummy
 91022 | Tomb:1   | Killed a greater mummy
 91650 | Tomb:1   | Killed a greater mummy
 92433 | Tomb:1   | Received a gift from Okawaru
 93025 | Hell     | Entered the Vestibule of Hell
 93025 | Hell     | Noticed Geryon
 93079 | Hell     | Killed Geryon
 93665 | Hell     | Found a gateway to the Iron City of Dis.
 93754 | Hell     | Found a gateway to the freezing wastes of Cocytus.
 93871 | Hell     | Found a gateway to the decaying netherworld of Tartarus.
 93952 | Hell     | Found a gateway to the ashen valley of Gehenna.
 94049 | Coc:1    | Entered Level 1 of Cocytus
 96698 | Coc:2    | Received a gift from Okawaru
 96698 | Coc:2    | Reached skill level 27 in Shields
 96699 | Coc:2    | Got a fine cloak {god gift}
 96700 | Coc:2    | Identified the +3 cloak of the Blind Marksman {MR++ Int-3 Slay+3} (Okawaru gifted it to you on level 2 of Cocytus)
 96816 | Coc:2    | Reached skill level 27 in Fighting
 97538 | Coc:2    | Reached skill level 27 in Armour
 97538 | Coc:2    | Reached skill level 1 in Maces & Flails
 97780 | Coc:3    | Reached skill level 5 in Maces & Flails
 98626 | Coc:3    | Received a gift from Okawaru
 98727 | Coc:3    | Gained mutation: You are frail (-10% HP). [mutagenic glow]
 99607 | Coc:3    | Reached skill level 10 in Maces & Flails
100612 | Coc:4    | Received a gift from Okawaru
100613 | Coc:4    | Got a scorched great sword {god gift}
100757 | Coc:4    | Reached skill level 1 in Long Blades
101591 | Coc:5    | Reached skill level 5 in Long Blades
101877 | Coc:6    | Received a gift from Okawaru
101882 | Coc:6    | Reached skill level 15 in Evocations
102327 | Coc:7    | Entered Level 7 of Cocytus
104078 | Coc:5    | Reached skill level 10 in Long Blades
104252 | Coc:7    | Received a gift from Okawaru
104410 | Coc:7    | Noticed Antaeus
104440 | Coc:7    | HP: 11/244 [Ice Fiend/bolt of cold (3)]
104449 | Coc:7    | Killed from afar by a shard shrike

Vault maps used:
D:1:      saegor_arrival_fortress
D:2:      elyvilon_altar_4
D:3:      st_stairs_1
D:4:      kennysheep_kobold_camp, temple_statues, nicolae_ossuary_entry_giza
D:5:      serial_co_window_serial, co_window_paths_b, co_window_paths_a,
          co_window_paths_a, co_window_of_opportunity_a, co_window_paths_a,
          co_window_paths_c, co_window_paths_c, co_window_of_opportunity_b,
          glass_columns_a, first_bread, serial_bayou_lagoon_a, uniq_pikel,
          uniq_eustachio, uniq_grinder
D:6:      lemuel_round_altar, ashenzari_altar_1
D:7:      tgw_kikubaaqudgha, uniq_crazy_yiuf_cottage, uniq_joseph
D:8:      grunt_temple_overflow_gold_and_silver,
          nicolae_qazlal_eye_of_the_storm, erik_lair_orcish_takeover
D:9:      lemuel_doored_altar, nicolae_dithmenos_shadow_blocks,
          hangedman_pestilent_swarm, minivault_25, kennysheep_generic_room_14
D:10:     nooodl_orcs_dogs, uniq_maurice
D:11:     minmay_orc_entry_guard_dogs, uniq_fannar
D:12:     bloody_trog
D:13:     david_vaults_5
D:14:     minmay_misc_feat_pillars, lightli_fourway_metalbox
D:15:     gammafunk_depths_entry_grave, minmay_misc_feat_x
Temple:   circular_temple_13
Lair:3:   grunt_megastairs_3
Lair:4:   st_stairs_10, grunt_forest_large_clearings, grunt_megastairs_1,
          serial_bayou_shore_a
Lair:5:   basic_altar, lab_entry_generic
Lair:6:   minmay_swamp_entry_worms, spider_nest_entry_web_field, basic_altar,
          lemuel_fruit_tree, infiniplex_staircase_pool
Lair:7:   nicolae_slime_entry_slimehenge, serial_bayou_shore_b
Lair:8:   minmay_lair_end_frog_pond, uniq_rupert
Swamp:1:  hangedman_swamp_diagram
Swamp:2:  evilmike_swamp_ruin_house_3, cheibrodos_swamp_minitomb, uniq_jorgrun
Swamp:3:  hangedman_swamp_ruin_wall, swamp_pool5
Swamp:4:  swamp_vile, swamp_pool5
Spider:1: cheibrodos_spider_creepycove, portal_ice_cave_entry_ice_beasts,
          uniq_agnes
Spider:3: hangedman_spider_tarantella_strand, uniq_norris
Spider:4: spider_rune_water
Orc:1:    orc_temple, uniq_erolcha, uniq_josephine
Orc:2:    pubby_orc_utopia
Elf:1:    minmay_elf_arrival_circle, hangedman_elf_disciples,
          small_chamber_with_monster, lemuel_flamethrower_2, uniq_roxanne
Elf:2:    nicolae_trove_entry_diagonal, serial_shops, shop, nooodl_food_tri,
          uniq_azrael
Elf:3:    grunt_elf_hall_spiral, serial_shops, shop
Vaults:1: v_misc_27, v_misc_26, vaults_room_semicircle, hangedman_vaults_maws,
          vaults_room_grid, nicolae_vaults_little_squares_5, v_misc_31,
          st_cross, ontoclasm_vaults_eye, vaults_room_grunt_arrival_ludios,
          vaults_room_door_ring, vaults_dpeg_encased_lava, vaults_room_pool,
          uniq_wiglaf
Vaults:2: ontoclasm_vaults_shuriken, minmay_crypt_entry_necro_gods, v_misc_11,
          nicolae_vaults_ring_of_whatevers, nicolae_vaults_asterisk, v_misc_27,
          hangedman_vaults_snaps, nicolae_vaults_mini_display_case,
          vaults_dpeg_ring, vaults_room_door_ring
Vaults:3: grunt_vaults_bifocal, vaults_room_hallway, vaults_room_octagon,
          v_alt_pattern_4, nicolae_vaults_halls_meeting, v_alt_pattern_6,
          dpeg_vaults_monster_box, v_misc_26, v_misc_22,
          nicolae_vaults_alarming, ontoclasm_vaults_loading_screen,
          nicolae_vaults_little_ls, nicolae_vaults_three_branches,
          grunt_vaults_twisty, vaults_room_door_ring,
          nicolae_vaults_hallways_thing, serial_shops, shop, uniq_sojobo,
          uniq_donald
Vaults:4: ontoclasm_vaults_fault, v_misc_33, ontoclasm_vaults_loading_screen,
          metal_show, vaults_dpeg_diagonal, nicolae_vaults_little_squares_6,
          vaults_room_stairs_pillars, vaults_room_corners, vaults_dpeg_hooks,
          v_misc_13, nicolae_vaults_yaktaur_gun_rack,
          nicolae_vaults_know_your_exits, vaults_mumra_chevron,
          nicolae_vaults_little_squares_6
Crypt:1:  weyrava_vampire_temple, grunt_crypt_arrival_split
Crypt:3:  quadcrypt_mu
Depths:1: serial_shops, shop, hellmouth_1, abyss_entry_flame_altar,
          evilmike_spriggan_trog_shrine
Depths:2: thingy_vault_2, hell_entry, hangedman_decor_diamond_cutter,
          minmay_staircase_windowed_small, basic_stair_grate_trap,
          uniq_enchantress
Depths:3: minmay_distorted_concentric_squares, pf_hell_entry_tar_river,
          pan_entry, abyss_entry
Depths:4: minmay_big_diamond_grid, hex_medium, hell_entry,
          marbit_kobold_abyss_entry
Depths:5: evilmike_zot_entry_hall, enter_ziggurat_a, hangedman_geh_valley,
          serial_sigils_hangedman_quiver, abyss_entry, kennysheep_four_rooms
Coc:6:    lemuel_elevator
Coc:7:    coc_grunt_cove
Zot:1:    grunt_ministairs_1
Zot:3:    lemuel_lake_of_fire, uniq_tiamat
Zot:5:    st_stairs_10
Abyss:2:  minivault_27
Abyss:3:  hangedman_abyss_sting
Lab:      labyrinth_spiral, labyrinth_lava_lair, nicolae_lab_statue,
          nicolae_lab_swirl, nicolae_lab_very_dead_end, nicolae_lab_stuck,
          nicolae_lab_lava, lab_block, labyrinth_skeletal_remains
Ossuary:  ossuary_minmay_chase
IceCv:    ice_cave_small_demon

Skill      XL: |  1  2  3  4  5  6  7  8  9 10 11 12 13 14 15 16 17 18 19 20 21 22 23 24 25 26 27 |
---------------+----------------------------------------------------------------------------------+-----
Axes           | 3 4 5 6 7 9 10 12 16 17 19 20 22 23 24 27 | 27.0
Fighting       | 7 10 15 16 18 19 20 22 23 27 | 27.0
Armour         | 4 10 13 18 22 23 27 | 27.0
Dodging        | 2 10 11 13 14 15 16 17 19 21 27 | 27.0
Shields        | 10 11 16 19 22 23 25 27 | 27.0
Evocations     | 9 10 17 | 17.2
Invocations    | 4 6 |  6.2
Maces & Flails | 10 | 10.7
Long Blades    | 11 | 11.3

Action                   |  1- 3 |  4- 6 |  7- 9 | 10-12 | 13-15 | 16-18 | 19-21 | 22-24 | 25-27 || total
-------------------------+-------+-------+-------+-------+-------+-------+-------+-------+-------++-------
Melee: War axe           |   107 |   176 |   319 |   852 |  1399 |  1480 |  1337 |   755 |       ||  6425
       Broad axe         |       |       |       |       |       |       |       |  1287 |  5313 ||  6600
Invok: Heroism           |       |       |     2 |     7 |     9 |    19 |    23 |    17 |    37 ||   114
       Finesse           |       |       |       |     1 |       |       |     5 |       |     6 ||    12
 Abil: Evoke Blink       |       |       |       |       |       |       |       |       |    26 ||    26
Evoke: Wand              |       |       |       |     5 |       |       |       |       |       ||     5
       Box of beasts     |       |       |       |       |       |       |       |       |     1 ||     1
  Use: Potion            |       |       |     6 |     4 |    10 |    11 |     5 |     3 |    10 ||    49
       Scroll            |       |       |       |    14 |    22 |     9 |    14 |    10 |    39 ||   108
 Stab: Sleeping          |       |       |       |       |    17 |     2 |       |       |       ||    19
       Distracted        |       |       |       |       |     1 |       |     1 |     3 |     4 ||     9
       Held in net/web   |       |       |       |       |       |     1 |       |       |       ||     1
       Confused          |       |       |       |       |       |       |       |       |     2 ||     2
  Eat: Chunk             |     2 |     5 |     8 |    24 |    39 |     8 |    12 |    24 |    31 ||   153
       Meat ration       |       |       |     1 |     2 |     1 |     4 |     2 |     2 |     5 ||    17
       Fruit             |       |       |       |    11 |     2 |    10 |     6 |     3 |     2 ||    34
       Bread ration      |       |       |       |     1 |       |     1 |     1 |       |     9 ||    12
       Royal jelly       |       |       |       |       |       |       |     3 |       |     1 ||     4
       Beef jerky        |       |       |       |       |       |       |       |     2 |    15 ||    17
       Pizza             |       |       |       |       |       |       |       |       |     4 ||     4
